 Dungeon Sprint DCSS version 0.22.1-6-g1668fe2 (webtiles) character file.

114 doot the Destroyer (level 4, -3/37 HPs)
             Began as a Tengu Conjurer on Jan 24, 2019.
             Was a Follower of Vehumet.
             Shot with an arrow by a deep elf archer (26 damage)
             ... in the Dungeon (Sprint V: "Ziggurat Sprint").
             The game lasted 00:03:27 (323 turns).

doot the Destroyer (Tengu Conjurer)                  Turns: 323, Time: 00:03:27

Health: -3/37      AC:  2    Str: 13    XL:     4   Next: 97%
Magic:  15/15      EV: 16    Int: 22    God:    Vehumet [*.....]
Gold:   0          SH:  0    Dex: 27    Spells: 4/9 levels left

rFire    . . .     SeeInvis .   l - +6 Majin-Bo {vamp, Archmagi MP+6 Int+6}
rCold    . . .     Gourm    .   (shield currently unavailable)
rNeg     . . .     Faith    .   a - +0 robe
rPois    .         Spirit   .   (helmet restricted)
rElec    .         Reflect  .   (no cloak)
rCorr    .         Harm     .   (no gloves)
MR       .....     NoTele   +   (boots unavailable)
Stlth    ..........             (no amulet)
HPRegen  0.12/turn              B - +6 ring of dexterity
MPRegen  0.14/turn              C - +6 ring of dexterity

@: berserking, very quick
A: beak, talons 3
a: Renounce Religion


You were in the Dungeon.
You worshipped Vehumet.
Vehumet was aware of your devotion.
You were not hungry.

You visited 1 branch

Inventory:

Hand Weapons
 k - a +5 lajatang
 l - the +6 Majin-Bo (weapon) {vamp, Archmagi MP+6 Int+6}
   (You found it in the Dungeon)

   It inflicts no extra harm, but heals its wielder when it wounds a living foe.
   It affects your intelligence (+6).
   It affects your magic capacity (+6).
Armour
 a - a +0 robe (worn)
 b - a +3 shield
 j - +5 gold dragon scales
Magical Staves
 H - an uncursed staff of energy
Jewellery
 B - a +6 ring of dexterity (left hand)
 C - a +6 ring of dexterity (right hand)
 D - a +6 ring of intelligence
 E - a +6 ring of intelligence
 F - a +6 ring of strength
 G - a +6 ring of strength
Wands
 y - a wand of disintegration (7)
 z - a wand of iceblast (7)
 A - a wand of acid (7)
Scrolls
 i - 4 scrolls of blinking
 m - 4 scrolls of amnesia
 n - 7 scrolls of fog
 o - a scroll of holy word
 p - 5 scrolls of identify
 q - 5 scrolls of remove curse
 r - 2 scrolls of fear
Potions
 d - 10 potions of curing
 e - 9 potions of heal wounds
 f - 6 potions of haste
 g - 7 potions of magic
 h - 2 potions of berserk rage
 s - 2 potions of brilliance
 t - 2 potions of invisibility
 u - 4 potions of resistance
 v - a potion of experience
 w - 5 potions of agility
 x - 5 potions of might
Miscellaneous
 I - a lightning rod (4/4)
 J - a crystal ball of energy
 K - a crystal ball of energy
Comestibles
 c - 6 rations


   Skills:
 + Level 1.1 Fighting
 + Level 2.4 Staves
 + Level 3.9 Dodging
 + Level 3.1 Stealth
 + Level 3.0 Spellcasting
 + Level 11.0 Conjurations


You had 4 spell levels left.
You knew the following spells:

 Your Spells              Type           Power        Failure   Level  Hunger
a - Magic Dart            Conj           ####         1%          1    None
b - Iskenderun's Mystic   Conj           ######..     1%          4    ####...

Your spell library contained the following spells:

 Spells                   Type           Power        Failure   Level  Hunger
 Shock                    Conj/Air       ####         1%          1    None
 Sting                    Conj/Pois      ####         1%          1    None
 Searing Ray              Conj           ######       1%          2    ##.....
 Dazzling Spray           Conj/Hex       #####.       3%          3    ###....
 Force Lance              Conj/Tloc      #####...     13%         4    ####...
 Fulminant Prism          Conj/Hex       #####.....   13%         4    ####...
 Poisonous Vapours        Pois/Air       #.....       19%         2    ##.....
 Ignite Poison            Fire/Tmut/Pois #.......     36%         3    ###....
 Spider Form              Tmut/Pois      #.........   36%         3    ###....
 Venom Bolt               Conj/Pois      #####.....   34%         5    ######.
 Dispersal                Tloc           #.........   100%        6    #######


Dungeon Overview and Level Annotations

Branches:
Dungeon (1/1)

Altars:
Ashenzari
Cheibriados
Dithmenos
Elyvilon
Fedhas
Gozag
Hepliaklqana
Kikubaaqudgha
Makhleb
Nemelex Xobeh
Okawaru
Qazlal
Ru
Sif Muna
Trog
Uskayaw
Vehumet
Wu Jian
Xom
Yredelemnul
Zin
The Shining One
Beogh
Jiyva
Lugonu

Annotations:
D 1 transporter


Innate Abilities, Weirdness & Mutations

You have a beak for a mouth.
You have claws for feet.


Message History

You thump the deep elf mage!
You feel better.
You kill the deep elf mage!
Vehumet accepts your kill.
Your Fighting skill increases to level 1!
Your Staves skill increases to level 2!
Your Stealth skill increases to level 3!
Your Spellcasting skill increases to level 3!
Your Conjurations skill gained 2 levels and is now at level 11!
The deep elf mage hits you with a long sword.
Unknown command.
You barely miss the deep elf mage. Your kick misses the deep elf mage.
You hit the deep elf mage but do no damage.
You claw the deep elf mage! You peck the deep elf mage!
The deep elf mage is heavily wounded.
The deep elf mage hits you with a long sword.
You closely miss the deep elf mage. You claw the deep elf mage!
The deep elf mage is almost dead.
The deep elf archer shoots an arrow.
The arrow hits you!!
Ouch! That really hurt!
You die...

▓▓▓▓▓▓▓▓▓▓▓▓▓
▓.8©8.▓.8©8.▓
▓.}[[.▓.....▓
▓.....▓.....▓
▓..e..▓.....▓
▓.....▓.....▓
▓.e@..▓..©..▓
▓..©..▓▓▓▓▓▓▓
▓▓▓▓▓▓▓


You could see a deep elf archer and a deep elf mage.

Vanquished Creatures
  A deep elf mage (D)
  A crimson imp (D)
  An iron imp (D)
3 creatures vanquished.

Notes
Turn   | Place    | Note
-------+----------+-------------------------------------------
     0 | D        | Found the +6 Majin-Bo {vamp, Archmagi MP+6 Int+6}
     0 | D        | Found the +7 great mace "Firestarter" {inner flame, rF++}
     0 | D        | doot the Tengu Conjurer began the quest for the Orb.
     0 | D        | Reached XP level 1. HP: 10/10 MP: 4/4
     0 | D        | Found a blossoming altar of Fedhas.
    36 | D        | Found a transporter.
    36 | D        | Found a viscous altar of Jiyva.
    36 | D        | Found an ancient bone altar of Kikubaaqudgha.
    36 | D        | Found a hazy altar of Hepliaklqana.
    36 | D        | Found a corrupted altar of Lugonu.
    36 | D        | Found an opulent altar of Gozag.
    36 | D        | Found a burning altar of Makhleb.
    53 | D        | Found a stormy altar of Qazlal.
    53 | D        | Found an iron altar of Okawaru.
    53 | D        | Found a sacrificial altar of Ru.
    53 | D        | Found a sparkling altar of Nemelex Xobeh.
    53 | D        | Found a deep blue altar of Sif Muna.
    53 | D        | Found a bloodstained altar of Trog.
    57 | D        | Found the +9 heavy crossbow "Sniper" {velocity, Acc+∞ SInv}
    57 | D        | Found the +10 dark maul {crush}
    57 | D        | Found the +15 Maxwell's patent armour {-Cast -Tele rElec
                  | MR+ rCorr}
    57 | D        | Found the +18 shield of the Gong {rElec rN+ MR+ EV-5}
    57 | D        | Found the cursed +14 obsidian axe {chop, +Fly SInv *Curse}
   111 | D        | Became a worshipper of Vehumet
   140 | D        | Found the +6 shillelagh "Devastator" {shatter}
   140 | D        | Found the +11 plutonium sword {*Contam Stlth-}
   140 | D        | Found the +8 lance "Wyrmbane" {slay drac, rPois rF+ rC+
                  | AC+3}
   140 | D        | Found the +9 sword of Zonguldrok {reap}
   140 | D        | Found the cursed +13 scythe of Curses {drain, *Curse}
   140 | D        | Found the +0 sword of Power
   140 | D        | Found the +7 mace of Variability {chain chaos}
   140 | D        | Found the +7 Singing Sword
   140 | D        | Found the +7 longbow "Piercer" {penet, EV-2}
   146 | D        | Entered arena 2.
   146 | D        | Noticed an iron imp
   146 | D        | Noticed a crimson imp
   146 | D        | Found a transporter.
   153 | D        | Killed an iron imp
   153 | D        | Reached skill level 1 in Staves
   153 | D        | Reached skill level 8 in Conjurations
   153 | D        | Reached XP level 2. HP: 14/15 MP: 6/6
   153 | D        | Reached XP level 3. HP: 18/19 MP: 7/7
   162 | D        | Reached * piety under Vehumet
   162 | D        | Offered knowledge of Shock by Vehumet.
   162 | D        | Reached skill level 9 in Conjurations
   162 | D        | Reached XP level 4. HP: 12/24 MP: 9/9
   164 | D        | Got Saohaixank's Collected Works on the Virous Traveller
   314 | D        | Learned a level 4 spell: Iskenderun's Mystic Blast
   316 | D        | Entered arena 3.
   316 | D        | Noticed a deep elf archer
   316 | D        | Noticed a deep elf mage
   316 | D        | Noticed a deep elf mage
   316 | D        | Found a transporter.
   320 | D        | Killed a deep elf mage
   320 | D        | Reached skill level 1 in Fighting
   320 | D        | Reached skill level 11 in Conjurations
   323 | D        | Shot with an arrow by a deep elf archer

Skill      XL: |  1  2  3  4 |
---------------+-------------+-----
Staves         | 1 2 |  2.4
Dodging        | 3 |  3.9
Conjurations   | 8 9 11 | 11.0
Fighting       | 1 |  1.1
Stealth        | 3 |  3.1
Spellcasting   | 3 |  3.0

Action                   |  1- 3 |  4- 6 || total
-------------------------+-------+-------++-------
Melee: Quarterstaff      |     9 |     4 ||    13
       Kick              |     3 |     2 ||     5
       Peck              |     1 |     1 ||     2
  Use: Potion            |       |     2 ||     2
  Eat: Ration            |     1 |       ||     1
Dodge: Dodged            |     7 |     4 ||    11
